 Dungeon Crawl Stone Soup version 0.30.1-4-g462c640d31 (webtiles) character file.

Game seed: 8444687228964846594

256 spardeous the Conjurer (level 5, -5/38 HPs)
             Began as a Demigod Conjurer on Aug 30, 2023.
             Killed from afar by a white imp (10 damage)
             ... with a puff of frost
             ... on level 4 of the Dungeon.
             The game lasted 00:02:23 (4426 turns).

spardeous the Conjurer (Demigod Conjurer)           Turns: 4426, Time: 00:02:24

Health: -5/38      AC:  5    Str: 12    XL:     5   Next: 60%
Magic:  2/13       EV: 10    Int: 20    God:
Gold:   237        SH:  0    Dex: 12    Spells: 4/11 levels left

rFire   . . .        (no weapon)
rCold   . . .        (no shield)
rNeg    . . .        g - +0 ring mail
rPois   .            (no helmet)
rElec   .            (no cloak)
rCorr   .            (no gloves)
SInv    .            (no boots)
Will    .....        (no amulet)
Stlth   +            (no ring)
HPRegen 0.26/turn    (no ring)
MPRegen 0.13/turn

%: no passive effects
@: no status effects
A: high MP 1, forlorn, divine attributes
a: no special abilities


You were on level 4 of the Dungeon.
You visited 1 branch of the dungeon, and saw 5 of its levels.

You collected 237 gold pieces.

Inventory:

Armour
 a - a +0 robe
 g - a +0 ring mail (worn)
Scrolls
 c - 4 scrolls of identify {unknown}
 f - a scroll of torment {unknown}
 h - 2 scrolls of enchant armour {unknown}
 i - a scroll of magic mapping {unknown}
 l - 2 scrolls of teleportation {unknown}
 m - a scroll of amnesia {unknown}
 q - 2 scrolls of poison {unknown}
Potions
 b - a potion of magic
 d - 2 potions of attraction {unknown}
 e - a potion of berserk rage {unknown}
 j - a potion of resistance {unknown}
 k - a potion of might {unknown}
 n - a potion of flight {unknown}
 o - a potion of ambrosia {unknown}
 p - 2 potions of mutation {unknown}


   Skills:
 - Level 1.7 Dodging
 - Level 1.7 Stealth
 + Level 3.9 Spellcasting
 + Level 5.3 Conjurations


You had 4 spell levels left.
You knew the following spells:

 Your Spells              Type           Power      Damage    Failure   Level
a - Magic Dart            Conj           100%       1d8       3%          1
b - Searing Ray           Conj           50%        2d6       4%          2
c - Iskenderun's Mystic   Conj/Tloc      14%        2d5       69%         4

Your spell library contained the following spells:

 Spells                   Type           Power      Damage    Failure   Level
 Dazzling Flash           Conj/Hex       28%        N/A       30%         3
 Poisonous Vapours        Pois/Air       6%         N/A       41%         2
 Mephitic Cloud           Conj/Pois/Air  10%        N/A       41%         3
 Volatile Blastmotes      Fire/Tloc      6%         2d10      65%         3
 Fulminant Prism          Conj/Hex       7%         3d7       69%         4
 Freezing Cloud           Conj/Ice/Air   5%         6-21      99%         5
 Starburst                Conj/Fire      7%         6d4       100%        6


Dungeon Overview and Level Annotations

Branches:
Dungeon (5/15)             Temple (0/1) D:4


Innate Abilities, Weirdness & Mutations

You have an increased reservoir of magic. (+10% MP)
You shall have no god before yourself.
Your divine heritage dramatically boosts your attributes as you level up.


Message History

The white imp gestures at you. The puff of frost hits you.
The orc hits you from afar with a +0 trident.
You climb upwards.
There is a stone staircase leading down here.
You take 6 damage, and have 18/38 hp.
Unknown command.
A white imp is nearby!
You're too confused to cast spells.
Unknown command.
Unknown command.
The white imp completely misses you.
You're too confused to cast spells.
Unknown command.
Okay, then.
You feel less confused. The white imp closely misses you.
The white imp attacks as you move away! The white imp hits you.
* * * LOW HITPOINT WARNING * * *
The white imp freezes you.
* * * LOW HITPOINT WARNING * * *
The white imp gestures at you. The puff of frost hits you!
* * * LOW HITPOINT WARNING * * *
You take 14 damage, and have 5/38 hp.
MASSIVE DAMAGE!!
Okay, then.
Casting: Searing Ray (safe; 4% risk of failure)
Confirm with . or Enter, or press ? or * to list all spells.
Aiming: Searing Ray (safe; 4% risk of failure)
Press: ? - help, Shift-Dir - straight line, f - white imp
Aim: a white imp (79% to hit)
The searing ray hits the white imp.
The white imp is lightly wounded. (Press . to maintain the ray.)
You now have 3/13 mp.
The searing ray hits the white imp.
The white imp is moderately wounded.
The white imp gestures at you. The puff of frost hits you!
You die...

############
#....@5..>.##
#.#######...####
#.#####
#.#....#####
###.....#
#.####..)..#
#...###.# #..#
###...# #.#.#
#.# ##.# #...###
#.#.# #.#
#.#####......
#.#.###.#
#....########
#.#...#.#
####.####


You could see a white imp.

Vanquished Creatures
  A scorpion (D:5)
  A jelly (D:4)
  A sleepcap (D:4)
  An iguana (D:5)
  An orc wizard (D:5)
  A gnoll (D:1)
  An adder (D:3)
  An ufetubus (D:4)
  A worm (D:4)
  3 dart slugs
  An orc (D:5)
  6 endoplasms
  4 giant cockroaches
  3 hobgoblins (D:1)
  2 jackals (D:4)
  7 kobolds
  2 quokkas
  8 ball pythons
  4 bats
  3 frilled lizards
  10 goblins
  2 rats
64 creatures vanquished.

Notes
Turn   | Place    | Note
-------+----------+-------------------------------------------
     0 | D:1      | spardeous the Demigod Conjurer began the quest for the Orb.
     0 | D:1      | Reached XP level 1. HP: 14/14 MP: 5/5
   455 | D:1      | Reached XP level 2. HP: 14/20 MP: 1/7
   567 | D:1      | Reached skill level 4 in Conjurations
  1041 | D:1      | Learned a level 2 spell: Searing Ray
  1171 | D:2      | Reached XP level 3. HP: 26/26 MP: 5/9
  1319 | D:2      | You fall into a shaft and drop 2 floors!
  1883 | D:4      | Reached XP level 4. HP: 33/33 MP: 8/11
  2050 | D:4      | Found a staircase to the Ecumenical Temple.
  4233 | D:5      | Entered Level 5 of the Dungeon
  4239 | D:5      | Reached skill level 5 in Conjurations
  4239 | D:5      | Reached XP level 5. HP: 38/38 MP: 6/13
  4244 | D:5      | Learned a level 4 spell: Iskenderun's Mystic Blast
  4426 | D:4      | Killed from afar by a white imp

Illustrated notes

Levels and vault maps discovered:
D:1:      heliophobic_arrival_dark_side_of_the_moon, layout_loops_ring,
          minmay_3d_cube
D:2:      layout_rooms, serial_corexii_hall, chequers_hall_statues_y,
          corexii_hall_statues_t, corexii_hall_statues_t,
          corexii_hall_statues_l, corexii_hall_statues_t,
          chequers_hall_statues_wall_a
D:3:      layout_loops_ring, mainiacjoe_overflow_catwalk
D:4:      layout_basic, doesnt_xom_only_xom, minmay_temple_entry_hall
D:5:      layout_cave_pods, general_overflow_altar

Skill      XL: |  1  2  3  4 |
---------------+-------------+-----
Spellcasting   | 2 3 |  3.9
Conjurations   | 4 5 |  5.3
Dodging        | |  1.7
Stealth        | |  1.7

Action                     |  1- 3 |  4- 6 || total
---------------------------+-------+-------++-------
   Cast: Magic Dart        |    88 |    62 ||   150
         Searing Ray       |       |     4 ||     4
 Armour: Robe              |     2 |       ||     2
         Ring mail         |     3 |    11 ||    14
  Dodge: Dodged            |    11 |    16 ||    27
